 Dungeon Crawl Stone Soup version 0.31-a0-1612-g4aaf141004 (webtiles) character file.

Game seed: 6707268845440468282

203 grandjackal the Cudgeller (level 5, -2/42 HPs)
             Began as a Demonspawn Gladiator on Jan 9, 2024.
             Slain by an orc
             ... wielding a +0 falchion
              (5 damage)
             ... on level 3 of the Dungeon.
             The game lasted 00:02:03 (1963 turns).

grandjackal the Cudgeller (Demonspawn Gladiator)    Turns: 1963, Time: 00:02:04

Health: -2/42      AC: 11    Str: 16    XL:     5   Next: 51%
Magic:  5/5        EV: 10    Int:  9    God:
Gold:   143        SH:  0    Dex: 14    Spells: 4/4 levels left

rFire   . . .        a - +0 flail
rCold   + . .        (no shield)
rNeg    + . .        j - +0 scale mail
rPois   .            c - +0 helmet
rElec   .            (no cloak)
rCorr   .            k - +0 pair of gloves of Vehumet's Reproof {rC+ rN+ Regen+}
SInv    .            (no boots)
Will    .....        (no amulet) Stlth
                     (no ring)
HPRegen 1.07/turn    (no ring)
MPRegen 0.09/turn

%: no passive effects
@: lethally poisoned (-2 -> -3)
A: icy blue scales 2, powered by pain 2
a: no special abilities


You were on level 3 of the Dungeon.
You visited 1 branch of the dungeon, and saw 3 of its levels.

You collected 143 gold pieces.

Inventory:

Hand Weapons
 a - a +0 flail (weapon)
Missiles
 d - 3 throwing nets (quivered)
 e - a javelin
 l - 4 poisoned darts
Armour
 c - a +0 helmet (worn)
 j - a +0 scale mail (worn)
 k - the +0 pair of gloves of Vehumet's Reproof (worn) {rC+ rN+ Regen+}
   (You found it on level 2 of the Dungeon)

   rC+:       It protects you from cold.
   rN+:       It protects you from negative energy.
   Regen+:    It increases your rate of health regeneration.
Scrolls
 b - 3 scrolls of teleportation {unknown}
 f - 2 scrolls of identify {unknown}
Potions
 g - 2 potions of heal wounds {unknown}
 h - 3 potions of brilliance {unknown}
 i - 2 potions of curing {unknown}
 m - a potion of attraction {unknown}
 n - a potion of enlightenment {unknown}
 o - a potion of cancellation {unknown}


   Skills:
 + Level 4.1 Fighting
 + Level 4.2 Maces & Flails
 - Level 2.1 Throwing
 - Level 3.0 Dodging


You had 4 spell levels left.
You didn't know any spells.
Your spell library contained the following spells:

 Spells                   Type           Power      Damage    Failure   Level
 Lesser Beckoning         Tloc           0%         N/A       93%         2
 Gell's Gravitas          Tloc           0%         N/A       99%         3
 Teleport Other           Tloc           0%         N/A       99%         3
 Olgreb's Toxic Radiance  Alch           0%         N/A       100%        4
 Ozocubu's Refrigeration  Ice            0%         4d7       100%        7
 Discord                  Hex            0%         N/A       100%        8


Dungeon Overview and Level Annotations

Branches:
Dungeon (3/15)

Altars:

Annotations:
D:3 1 transporter


Innate Abilities, Weirdness & Mutations

You are mostly covered in icy blue scales. (AC +3)
You sometimes gain power by taking damage.


Message History

You feel very sick. The orc hits you but does no damage.
The orc barely misses you. The orc hits you with a +0 falchion.
The orc hits you but does no damage.
You are more poisoned.
You closely miss the orc.
You feel very sick. The orc closely misses you.
The orc hits you but does no damage.
You barely miss the orc.
You feel very sick. The orc hits you but does no damage.
The orc barely misses you.
You are too injured to fight recklessly!
You are too injured to fight recklessly!
You are too injured to fight recklessly!
You hit the orc.
The orc is lightly wounded.
You feel very sick. The orc completely misses you. x2
You barely miss the orc.
The orc is lightly wounded.
You feel sick. The orc hits you but does no damage.
The orc hits you with a +2 war axe of venom.
You are more poisoned.
You thump the orc!
You kill the orc!
You feel very sick. The orc hits you with a +0 falchion.
* * * LOW HITPOINT WARNING * * *
The orc closely misses you.
You feel very sick. The orc hits you with a +0 falchion.
* * * LOW HITPOINT WARNING * * *
Things that are here:
a +2 war axe of venom; a +0 short sword; a +0 leather armour You hit the orc.
The orc is heavily wounded.
You feel sick. The orc misses you.
You hit the orc but do no damage.
The orc is heavily wounded.
You feel sick. The orc hits you with a +0 falchion.
You die...

####'#........#.....
#.......##.#........
#.......##.#.##.##..
#.....<.##.#.##.....
#.......##.#.#####..
#.......##.#.# #....
#.......##.#.###.#..
####.#####.#........
#..@.# #.#.###.##.
####o# #.#.# #.##.
#.#######.#####.#.#
#....
#......)........#.#
####.
#.###.o.........#.#
#. #o#########...#
#. #.o ##..######.
...8 #.......>.
....o. #.........


You could see an orc.

Vanquished Creatures
  An orc priest (D:3)
  A hound (D:3)
  Jessica (D:2)
  4 adders
  2 ufetubi (D:3)
  2 dart slugs
  A ribbon worm (D:3)
  9 orcs (D:3)
  2 bats
  2 endoplasms (D:1)
  5 giant cockroaches
  7 goblins
  4 hobgoblins
  5 kobolds
  3 quokkas
  4 ball pythons
  3 frilled lizards
  2 rats (D:3)
58 creatures vanquished.

Notes
Turn   | Place    | Note
-------+----------+-------------------------------------------
     0 | D:1      | grandjackal the Demonspawn Gladiator began the quest for
                  | the Orb.
     0 | D:1      | Reached XP level 1. HP: 16/16 MP: 1/1
   155 | D:1      | Gained mutation: You sometimes gain a little power by
                  | taking damage. [demonic ancestry]
   155 | D:1      | Reached XP level 2. HP: 17/22 MP: 2/2
   256 | D:1      | Found a faded altar of an unknown god.
   756 | D:2      | Gained mutation: You are partially covered in icy blue
                  | scales. (AC +2) [demonic ancestry]
   756 | D:2      | Reached XP level 3. HP: 19/28 MP: 3/3
   889 | D:2      | Identified the +0 pair of gloves of Vehumet's Reproof {rC+
                  | rN+ Regen+}
  1213 | D:2      | Noticed Jessica
  1221 | D:2      | Killed Jessica
  1222 | D:2      | Gained mutation: You are mostly covered in icy blue scales.
                  | (AC +3) [demonic ancestry]
  1222 | D:2      | Reached XP level 4. HP: 35/35 MP: 4/4
  1774 | D:3      | Gained mutation: You sometimes gain power by taking damage.
                  | [demonic ancestry]
  1774 | D:3      | Reached XP level 5. HP: 42/42 MP: 5/5
  1781 | D:3      | Found a transporter.
  1963 | D:3      | Slain by an orc

Illustrated notes

Levels and vault maps discovered:
D:1:      kennysheep_arrival_forest, layout_loops_cross,
          hellmonk_ecumenical_altar_prayer_group, minmay_pentomino_q4
D:2:      layout_loops_ring, palyth_stone_intersect, uniq_jessica
D:3:      cheibrodos_pilgrimage, layout_basic, gammafunk_ghost_arena

Skill      XL: |  1  2  3  4  5 |
---------------+----------------+-----
Throwing       | 2 |  2.1
Dodging        | 3 |  3.0
Maces & Flails | 3 4 |  4.2
Fighting       | 3 4 |  4.1

Action                     |  1- 3 |  4- 6 || total
---------------------------+-------+-------++-------
  Melee: Flail             |    88 |   141 ||   229
         Punch             |     1 |     3 ||     4
 Armour: Leather armour    |    25 |       ||    25
         Scale mail        |    28 |   194 ||   222
  Dodge: Dodged            |    59 |   149 ||   208

Table legend: (Time is in decaauts)
 A = Elapsed time spent in this place.
 B = Non-inter-level travel time spent in this place.
 C = Inter-level travel time spent in this place.
 D = Time resting spent in this place.
 E = Time spent auto-exploring this place.
 F = Levels seen in this place.
 G = Mean time per level.
                   A        B        C        D        E       F      G
               +--------+--------+--------+--------+--------+-----+--------+
         Total |   2013 |   1968 |     45 |     48 |   1410 |   3 |  671.0 |
       Dungeon |   2013 |   1968 |     45 |     48 |   1410 |   3 |  671.0 |
               +--------+--------+--------+--------+--------+-----+--------+

Top non-repeatable levels by time:
     D:1: 762 daAuts
     D:2: 742 daAuts
     D:3: 509 daAuts
